 Dungeon Crawl Stone Soup version 0.26.1-11-gd32895ea62 (webtiles) character file.

Game seed: 7547154726326493561

746 Almogavar the Slasher (level 7, -2/64 HPs)
             Began as a Palentonga Berserker on July 18, 2021.
             Was a Priest of Trog.
             Slain by an orc warrior
             ... wielding a +0 halberd
              (26 damage)
             ... on level 4 of the Dungeon.
             The game lasted 00:09:04 (3950 turns).

Almogavar the Slasher (Palentonga Berserker)        Turns: 3950, Time: 00:09:05

Health: -2/64      AC: 15    Str: 22    XL:     7   Next: 48%
Magic:  7/7        EV: 10    Int:  7    God:    Trog [***...]
Gold:   165        SH:  0    Dex: 10    Spells: 6/6 levels left

rFire    x . .     SeeInvis +   a - +0 falchion
rCold    + . .     Faith    .   (no shield)
rNeg     . . .     Spirit   .   k - +2 animal skin
rPois    .         Reflect  .   l - +1 helmet
rElec    .         Harm     .   (no cloak)
rCorr    .         Rampage  .   (no gloves)
Will     .....                  (no barding)
Stlth    ++........             (no amulet)
HPRegen  0.20/turn              g - ring of ice
MPRegen  0.10/turn              (no ring)

@: curled up
A: large, rugged brown scales 3, see invisible, deformed body, roll 1, armoured
tail, reflexive curl
a: Rolling Charge, Renounce Religion, Berserk, Trog's Hand


You were on level 4 of the Dungeon.
You worshipped Trog.
Trog was most pleased with you.
You visited 1 branch of the dungeon, and saw 7 of its levels.

You collected 165 gold pieces.

Inventory:

Hand Weapons
 a - a +0 falchion (weapon)
Armour
 k - a +2 animal skin (worn)
 l - a +1 helmet (worn)
 m - a +0 ring mail
Jewellery
 g - a ring of ice (left hand)
Wands
 h - a wand of enslavement (8)
Scrolls
 b - a scroll of fear
 c - a scroll of teleportation {unknown}
 d - 2 scrolls of enchant weapon
 i - a scroll of magic mapping {unknown}
 n - 2 scrolls of remove curse {unknown}
Potions
 e - a potion of heal wounds {unknown}
 f - a potion of curing {unknown}
 j - a potion of might {unknown}
 o - a potion of resistance {unknown}
 p - a potion of flight {unknown}


   Skills:
 + Level 4.5 Fighting
 + Level 6.8 Long Blades
 + Level 1.6 Armour
 + Level 3.3 Dodging
 + Level 1.6 Stealth


You had 6 spell levels left.
You didn't know any spells.
Your spell library was empty.

Dungeon Overview and Level Annotations

Branches:
Dungeon (7/15)
 Temple: D:4-7

Altars:
Ru
Trog
Uskayaw
Yredelemnul


Innate Abilities, Weirdness & Mutations

You are completely covered in rugged brown scales. (AC +3, +7% HP)
You have supernaturally acute eyesight. (SInv)
Armour fits poorly on your strangely shaped body.
You can roll at nearby foes to attack.
You have a long armoured tail.
You curl defensively after being hit.


Message History

The orc warrior hits you with a +0 halberd!
You barely miss the orc warrior.
Your tail-slap misses the orc warrior.
The orc warrior is moderately wounded.
The orc warrior hits you with a +0 halberd.
You closely miss the orc warrior.
The orc warrior is moderately wounded.
The orc warrior hits you with a +0 halberd.
You hit the orc warrior.
The orc warrior is heavily wounded.
The orc warrior closely misses you.
You barely miss the orc warrior.
You tail-slap the orc warrior, but do no damage.
The orc warrior is heavily wounded.
You hit the orc warrior.
The orc warrior is heavily wounded.
The orc warrior hits you with a +0 halberd!!
You closely miss the orc warrior.
The orc warrior is heavily wounded.
The orc warrior hits you with a +0 halberd!!
You die...

####### #.....#
###.#...##
#...##...##
#.#####...##
####.# ##@o.#
#....# ##...# .
#....# #...# ..
#...## #.).# ..
#...# ### ._.# ..
#...###.## #####
.. ##...#....##
..## . .[
#..........##...#
.^..
#....)).........
#.


You could see an orc warrior.

Vanquished Creatures
  A sky beast (D:3)
  2 ogres (D:4)
  2 orc priests
  A bullfrog skeleton (D:4)
  2 orc wizards (D:4)
  An iguana (D:4)
  5 worker ants
  Robin (D:3)
  7 adders
  3 gnolls (D:3)
  An ooze (D:1)
  An adder zombie (D:6)
  2 worms
  A dart slug (D:3)
  2 leopard geckos
  9 orcs
  A ball python (D:3)
  2 giant cockroaches
  12 goblins
  8 hobgoblins
  2 jackals (D:3)
  10 bats
  4 frilled lizards
  4 kobolds
  8 rats
92 creatures vanquished.

Vanquished Creatures (collateral kills)
  A gnoll (D:3)
1 creature vanquished.

Vanquished Creatures (others)
  8 plants (D:3)
8 creatures vanquished.

Grand Total: 101 creatures vanquished

Notes
Turn   | Place    | Note
-------+----------+-------------------------------------------
     0 | D:1      | Almogavar the Palentonga Berserker began the quest for the
                  | Orb.
     0 | D:1      | Reached XP level 1. HP: 20/20 MP: 1/1
   276 | D:1      | Reached XP level 2. HP: 26/27 MP: 2/2
   934 | D:2      | Found a hide-covered altar of Uskayaw.
  1000 | D:2      | Reached XP level 3. HP: 32/33 MP: 3/3
  1237 | D:2      | Found a basalt altar of Yredelemnul.
  1334 | D:2      | Noticed a +0 dagger
  1334 | D:2      | Noticed a +0 dagger
  1625 | D:3      | Found a sacrificial altar of Ru.
  1659 | D:3      | Reached ** piety under Trog
  1660 | D:3      | Reached XP level 4. HP: 6/42 MP: 4/4
  1676 | D:3      | Reached skill level 4 in Long Blades
  2134 | D:3      | Noticed Robin
  2141 | D:3      | Killed Robin
  2142 | D:3      | Reached XP level 5. HP: 42/49 MP: 5/5
  2451 | D:3      | Noticed a sky beast
  2458 | D:3      | Killed a sky beast
  2459 | D:3      | Reached skill level 5 in Long Blades
  2543 | D:3      | Reached XP level 6. HP: 55/55 MP: 6/6
  2560 | D:3      | Reached skill level 1 in Stealth
  3362 | D:4      | Reached skill level 6 in Long Blades
  3523 | D:4      | You fall into a shaft and drop 3 floors!
  3651 | D:6      | Gained mutation: You curl defensively after being hit.
                  | [Palentonga growth]
  3651 | D:6      | Reached XP level 7. HP: 64/64 MP: 7/7
  3685 | D:5      | Entered Level 5 of the Dungeon
  3792 | D:4      | Got a coiled lead amulet
  3798 | D:4      | Identified the amulet of the Queen {Inacc Fragile rElec
                  | MP-9 Dex+7} (You found it on level 4 of the Dungeon)
  3823 | D:4      | Reached *** piety under Trog
  3940 | D:4      | Found a bloodstained altar of Trog.
  3950 | D:4      | Slain by an orc warrior

Illustrated notes

Levels and vault maps discovered:
D:1:      psy_arrival_spokes, layout_basic, st_stairs_7
D:2:      layout_rooms, dancing_weapons_uskayaw, lemuel_crystal_altar,
          serial_forest, infiniplex_forest_zigzag_2,
          infiniplex_forest_straight_3, infiniplex_forest_lined_room_3,
          infiniplex_forest_end_3, infiniplex_forest_end_3,
          infiniplex_forest_lined_room_2, infiniplex_forest_corner_2,
          infiniplex_forest_lined_ring, infiniplex_forest_lined_corner,
          corexii_corridor_pit
D:3:      wad_lake_hut, layout_basic, overflow_temple_1_default, uniq_robin
D:4:      cheibrodos_thug_alley, layout_basic,
          nzn_overflow_gifts_of_might_and_magic,
          amethyst_overflow_temple_binary, serial_shops, shop, minmay_crossroads
D:5:      layout_basic, lemuel_doored_altar,
          minmay_temple_entry_statues_fountains, uniq_blork_the_orc
D:6:      layout_loops_corners, serial_shops, kennysheep_mini, fedhas_altar_1
D:7:      layout_rooms

Skill      XL: |  1  2  3  4  5  6  7 |
---------------+----------------------+-----
Dodging        | 2 3 |  3.3
Long Blades    | 4 5 6 |  6.8
Fighting       | 4 |  4.5
Stealth        | 1 |  1.6
Armour         | |  1.6

Action                   |  1- 3 |  4- 6 |  7- 9 || total
-------------------------+-------+-------+-------++-------
Melee: Falchion          |    90 |   138 |    44 ||   272
       Tailslap          |     7 |    21 |     7 ||    35
Invok: Berserk           |     2 |     2 |     1 ||     5
       Trog's Hand       |       |       |     1 ||     1
 Abil: Rolling Charge    |    21 |    25 |     1 ||    47
Evoke: Wand              |       |     1 |       ||     1
  Use: Scroll            |       |     3 |       ||     3
 Stab: Sleeping          |       |       |     1 ||     1
Armor: Animal skin       |    32 |    36 |    16 ||    84
Dodge: Dodged            |    54 |    64 |    16 ||   134
       Rpst.: Falchion   |    18 |    21 |     8 ||    47
